 Dungeon Crawl Stone Soup version 0.22.1-2-g9c5b331383 (webtiles) character file.

272 Ihlosi the Slasher (level 6, 0/70 HPs)
             Began as a Human Gladiator on Nov 18, 2018.
             Slain by an orc wizard
             ... wielding a +0 dagger
              (4 damage)
             ... on level 3 of the Dungeon.
             The game lasted 00:06:36 (2436 turns).

Ihlosi the Slasher (Human Gladiator)                Turns: 2436, Time: 00:06:36

Health: 0/70       AC:  4    Str: 20    XL:     6   Next: 48%
Magic:  6/6        EV: 13    Int: 14    God:
Gold:   136        SH:  0    Dex: 15    Spells: 5/5 levels left

rFire    . . .     SeeInvis .   a - +0 long sword
rCold    . . .     Gourm    .   (no shield)
rNeg     . . .     Faith    .   b - +0 leather armour
rPois    .         Spirit   .   c - +0 helmet
rElec    .         Reflect  .   (no cloak)
rCorr    .         Harm     .   (no gloves)
MR       .....                  (no boots)
Stlth    ..........             (no amulet)
HPRegen  0.21/turn              (no ring)
MPRegen  0.10/turn              (no ring)

@: brilliant, berserking, very quick
A: no striking features
a: no special abilities


You were on level 3 of the Dungeon.
You were not hungry.

You visited 1 branch of the dungeon, and saw 3 of its levels.

You collected 136 gold pieces.

Inventory:

Hand Weapons
 a - a +0 long sword (weapon)
Missiles
 e - 2 throwing nets (quivered)
 r - 7 javelins of returning
Armour
 b - a +0 leather armour (worn)
 c - a +0 helmet (worn)
Jewellery
 l - an uncursed ring of wizardry
Scrolls
 g - a scroll of immolation {unknown}
 i - a scroll of noise
 j - a scroll of remove curse
 m - a scroll of blinking {unknown}
 n - 2 scrolls of teleportation {unknown}
 p - a scroll of amnesia {unknown}
 q - a scroll of enchant weapon {unknown}
 s - 2 scrolls of identify
Potions
 o - 2 potions of curing
Comestibles
 f - 4 rations
 k - 3 chunks of flesh


   Skills:
 * Level 3.3 Fighting
 + Level 4.6 Long Blades
 - Level 2.0 Throwing
 * Level 2.8 Armour
 + Level 3.6 Dodging
 - Level 1.0 Stealth


You had 5 spell levels left.
You didn't know any spells.
Your spell library was empty.

Dungeon Overview and Level Annotations

Branches:
Dungeon (3/15)

Altars:

Annotations:
D:3 1 runed door


Message History

The magic dart hits you!
* * * LOW HITPOINT WARNING * * *
The orc closely misses you.
Unknown command.
You slice the orc wizard!!
You kill the orc wizard!
Unknown command.
You slash the orc!
You kill the orc!
You closely miss something. Something hits you but does no damage.
Something hits you.
* * * LOW HITPOINT WARNING * * *
You barely miss something. Something hits you but does no damage.
You closely miss something.
You hear some strange, mumbled words.
A puff of flame appears from out of thin air!
The puff of flame hits you!
* * * LOW HITPOINT WARNING * * *
You miss something. Something hits you.
You die...

##### ...#
######.#######
#......{@)...#
#.####.#####.#
..#.# #.# #.#.# #.#
#.#[# #.# #.#)# #>#
#.#.# #.#
.#.######.#.#####.#
............)..##.#


There were no monsters in sight!

Vanquished Creatures
  A hound (D:3)
  An orc wizard (D:3)
  2 orc priests (D:3)
  Jessica (D:3)
  2 adders
  2 oozes (D:3)
  3 worms
  A dart slug (D:1)
  10 orcs (D:3)
  5 giant cockroaches
  6 goblins
  16 hobgoblins
  3 jackals (D:2)
  5 bats
  11 frilled lizards
  6 kobolds
  A quokka skeleton (D:2)
  7 rats
83 creatures vanquished.

Notes
Turn   | Place    | Note
-------+----------+-------------------------------------------
     0 | D:1      | Ihlosi the Human Gladiator began the quest for the Orb.
     0 | D:1      | Reached XP level 1. HP: 16/16 MP: 1/1
   404 | D:1      | Reached XP level 2. HP: 21/22 MP: 2/2
   825 | D:2      | Reached XP level 3. HP: 26/27 MP: 3/3
   870 | D:2      | Reached skill level 1 in Armour
   971 | D:2      | Reached skill level 1 in Stealth
  1111 | D:2      | Reached XP level 4. HP: 28/34 MP: 4/4
  1574 | D:3      | Found a runed door.
  1888 | D:3      | Reached skill level 4 in Long Blades
  1888 | D:3      | Reached XP level 5. HP: 23/39 MP: 5/5
  2107 | D:3      | Noticed Jessica
  2297 | D:3      | Killed Jessica
  2297 | D:3      | Reached XP level 6. HP: 35/47 MP: 6/6
  2436 | D:3      | Slain by an orc wizard

Skill      XL: |  1  2  3  4  5 |
---------------+----------------+-----
Armour         | 1 2 |  2.8
Stealth        | 1 |  1.0
Long Blades    | 4 |  4.6
Fighting       | 3 |  3.3
Throwing       | |  2.0
Dodging        | |  3.6

Action                   |  1- 3 |  4- 6 || total
-------------------------+-------+-------++-------
Melee: Long sword        |    94 |   137 ||   231
Throw: Throwing net      |       |     3 ||     3
       Javelin           |       |     2 ||     2
  Use: Scroll            |       |     5 ||     5
       Potion            |       |     3 ||     3
 Stab: Sleeping          |     2 |     2 ||     4
       Invisible         |       |     1 ||     1
       Held in net/web   |       |     1 ||     1
       Distracted        |       |     1 ||     1
  Eat: Chunk             |       |     5 ||     5
Armor: Leather armour    |    38 |    23 ||    61
Dodge: Dodged            |    62 |    88 ||   150
       Rpst.: Long sword |    25 |    20 ||    45
